 Dungeon Crawl Stone Soup version 0.24.0-13-gcf9b319 (webtiles) character file.

Game seed: 14697123766435023868, levelgen mode: deterministic

1882 JirkfaceJones the Carver (level 8, -3/73 HPs)
             Began as a Minotaur Fighter on Nov 17, 2019.
             Was a Follower of Yredelemnul.
             Killed from afar by an electric eel (5 damage)
             ... with a bolt of electricity
             ... on level 7 of the Dungeon.
             The game lasted 00:18:41 (6441 turns).

JirkfaceJones the Carver (Minotaur Fighter)         Turns: 6441, Time: 00:18:42

Health: -3/73      AC: 11    Str: 20    XL:     8   Next: 92%
Magic:  7/7        EV:  6    Int:  5    God:    Yredelemnul [*.....]
Gold:   304        SH: 11    Dex: 13    Spells: 7/7 levels left

rFire    . . .     SeeInvis .   a - +1 long sword
rCold    . . .     Gourm    .   c - +0 shield
rNeg     . . .     Faith    .   w - +0 chain mail
rPois    .         Spirit   .   (helmet restricted)
rElec    .         Reflect  .   k - +0 cloak
rCorr    .         Harm     .   (no gloves)
MR       .....                  (no boots)
Stlth    ..........             (no amulet)
HPRegen  0.22/turn              v - ring of stealth
MPRegen  0.10/turn              (no ring)

@: no status effects
A: retaliatory headbutt, horns 2
a: Animate Remains, Renounce Religion


You were on level 7 of the Dungeon.
You worshipped Yredelemnul.
Yredelemnul was aware of your devotion.
You were not hungry.

You visited 2 branches of the dungeon, and saw 8 of its levels.

You collected 304 gold pieces.

Inventory:

Hand Weapons
 a - a +1 long sword (weapon)
Armour
 b - a +0 scale mail
 c - a +0 shield (worn)
 k - a +0 cloak (worn)
 w - a +0 chain mail (worn)
Jewellery
 v - a ring of stealth (left hand)
Wands
 q - a wand of flame (6)
 s - a wand of polymorph (9)
Scrolls
 e - a scroll of amnesia
 i - 3 scrolls of enchant weapon
 j - 2 scrolls of fog
 m - 3 scrolls of remove curse
 o - 5 scrolls of teleportation
 p - a scroll of magic mapping
 x - a scroll of vulnerability {unknown}
 y - a scroll of immolation {unknown}
Potions
 d - a potion of might
 g - 7 potions of heal wounds
 l - a potion of haste
 n - 5 potions of curing
 r - a potion of lignification
 t - 3 potions of cancellation
 u - a potion of mutation
Comestibles
 f - 12 rations
 z - a chunk of flesh


   Skills:
 + Level 7.1 Fighting
 * Level 9.1 Long Blades
 + Level 7.1 Armour
 + Level 7.3 Shields


You had 7 spell levels left.
You didn't know any spells.
Your spell library contained the following spells:

 Spells                   Type           Power        Failure   Level  Hunger
 Summon Butterflies       Summ           #.......     100%        1    ##.....
 Call Canine Familiar     Summ           #.......     100%        3    ####...
 Summon Ice Beast         Ice/Summ       #.......     100%        4    #####..
 Summon Mana Viper        Hex/Summ       #.......     100%        5    ######.
 Summon Hydra             Summ           #.........   100%        7    #######


Dungeon Overview and Level Annotations

Branches:
Dungeon (7/15)             Temple (1/1) D:5

Altars:
Cheibriados
Elyvilon
Fedhas
Gozag
Hepliaklqana
Kikubaaqudgha
Makhleb
Nemelex Xobeh
Okawaru
Qazlal
Ru
Sif Muna
Trog
Uskayaw
Vehumet
Wu Jian
Xom
Yredelemnul
Zin

Shops:
D:5 ?

Annotations:
D:3 Grinder


Innate Abilities, Weirdness & Mutations

You reflexively headbutt those who attack you in melee.
You have a pair of horns on your head.


Message History

The electric eel shoots out a bolt of lightning at you!
The bolt of electricity hits you!
You closely miss the electric eel. Your headbutt misses the electric eel.
The electric eel is heavily wounded.
The electric eel shoots out a bolt of lightning at you!
The bolt of electricity hits you!
* * * LOW HITPOINT WARNING * * *
The electric eel shoots out a bolt of lightning at you!
The bolt of electricity hits the plant!
The bolt of electricity hits you!
* * * LOW HITPOINT WARNING * * *
The electric eel shoots out a bolt of lightning at you!
The bolt of electricity hits the plant.
The bolt of electricity misses you.
The electric eel shoots out a bolt of lightning at you!
The bolt of electricity misses the electric eel.
The bolt of electricity hits the plant.
The bolt of electricity hits you!
* * * LOW HITPOINT WARNING * * *
The electric eel shoots out a bolt of lightning at you!
The bolt of electricity hits the plant!
The bolt of electricity hits you.
You die...
Your body rises from the dead as a mindless zombie.

#≈## .P..≈##!# ###..
#≈# .PP(≈≈#.# #.. #.#
....≈;#.# #.. #.#+
.P.)≈≈#≈# #.. #..#
..≈$≈##≈## #..
##.##########≈## #..
#≈≈##..;$;≈##≈# ###
##≈#...P;.≈≈#≈# ##.
#.#.@..P≈$≈#.# ##..
#.#'..≈P[≈≈#.# ##...
#..#...$.≈##'## #...#
##.########...###..##
####...............#
#.#####.############...
#....^..# ##..
######### ##. ##


You could see 3 electric eels.

Vanquished Creatures
  An orc warrior (D:6)
  An ogre (D:6)
  A sky beast (D:6)
  A phantom (D:7)
  A centaur (D:6)
  A big kobold (D:7)
  A bullfrog (D:6)
  A gnoll sergeant (D:5)
  A scorpion (D:6)
  4 wights (D:6)
  5 killer bees (D:7)
  A howler monkey (D:5)
  A quasit (D:5)
  2 crimson imps (D:7)
  3 hounds
  A bullfrog zombie (D:5)
  A bullfrog skeleton (D:2)
  An orc priest (D:4)
  2 centaur skeletons
  An iguana (D:5)
  Ijyb (D:3)
  2 worker ants (D:5)
  3 orc wizards
  2 howler monkey skeletons
  8 adders
  4 gnolls (D:5)
  A shadow imp (D:7)
  An ooze (D:1)
  An adder zombie (D:6)
  4 worms
  A dart slug (D:3)
  4 leopard geckos
  19 orcs
  2 ball pythons
  5 giant cockroaches
  4 goblins
  6 hobgoblins
  12 jackals
  2 quokkas
  4 bats
  5 frilled lizards
  8 kobolds
  A leopard gecko skeleton (D:4)
  15 rats
146 creatures vanquished.

Notes
Turn   | Place    | Note
-------+----------+-------------------------------------------
     0 | D:1      | JirkfaceJones the Minotaur Fighter began the quest for the
                  | Orb.
     0 | D:1      | Reached XP level 1. HP: 19/19 MP: 0/0
     6 | D:1      | Noticed a water moccasin
     6 | D:1      | Noticed a black bear
    10 | D:1      | Noticed a redback
    10 | D:1      | Noticed a wyvern
   149 | D:1      | Reached XP level 2. HP: 27/27 MP: 1/1
   224 | D:1      | Reached skill level 3 in Long Blades
   510 | D:1      | Reached XP level 3. HP: 33/33 MP: 2/2
   872 | D:2      | Reached XP level 4. HP: 39/40 MP: 3/3
  1020 | D:2      | Reached skill level 4 in Long Blades
  1352 | D:3      | Found a stormy altar of Qazlal.
  1352 | D:3      | Noticed Grinder
  1352 | D:3      | Paralysed by Grinder for 2 turns
  1616 | D:3      | Reached XP level 5. HP: 38/47 MP: 4/4
  2113 | D:3      | Noticed Ijyb
  2130 | D:3      | Killed Ijyb
  2308 | D:4      | Reached skill level 5 in Long Blades
  2311 | D:4      | Reached skill level 5 in Shields
  2311 | D:4      | Reached XP level 6. HP: 55/55 MP: 5/5
  2763 | D:4      | Found a burning altar of Makhleb.
  2763 | D:4      | Noticed a blizzard demon
  2766 | D:4      | Noticed a smoke demon
  2766 | D:4      | Noticed an orange demon
  2887 | D:5      | Entered Level 5 of the Dungeon
  2952 | D:5      | Reached skill level 5 in Fighting
  2986 | D:5      | Reached skill level 5 in Armour
  3080 | D:5      | Found Rubuemoh's Magic Scroll Boutique.
  3255 | D:5      | Reached skill level 6 in Long Blades
  3312 | D:5      | Reached XP level 7. HP: 40/61 MP: 6/6
  3558 | D:5      | Found a staircase to the Ecumenical Temple.
  3610 | Temple   | Entered the Ecumenical Temple
  3665 | Temple   | Became a worshipper of Yredelemnul the Dark
  4548 | D:6      | Reached skill level 7 in Long Blades
  4595 | D:6      | Reached XP level 8. HP: 16/70 MP: 7/7
  5191 | D:6      | Reached skill level 8 in Long Blades
  5870 | D:7      | Reached * piety under Yredelemnul
  5916 | D:7      | Reached skill level 9 in Long Blades
  6095 | D:7      | Found an iron altar of Okawaru.
  6264 | D:7      | Found an ornate altar of the Wu Jian Council.
  6441 | D:7      | HP: 2/73 [electric eel/bolt of electricity (8)]
  6441 | D:7      | Killed from afar by an electric eel

Levels and vault maps discovered:
D:1:      onia_arrival_zoo_common, layout_loops_ring, minmay_3d_cube
D:2:      layout_rooms, first_ration, minmay_rat_gold_closets
D:3:      layout_rooms, grunt_qazlal_clouds, minivault_24,
          kennysheep_crisscross, uniq_ijyb, uniq_grinder
D:4:      layout_loops_ring, makhleb_altar_promises_db
D:5:      layout_basic, minmay_temple_entry_nine_rooms, serial_shops, shop,
          serial_bayou, serial_bayou_lagoon_a, serial_bayou_shore_a,
          serial_bayou_shore_b, serial_bayou_shore_b
D:6:      layout_cave_pods, minivault_10
D:7:      cheibrodos_two_vegetables, layout_basic, okawaru_ov_weapons_minmay,
          lemuel_round_altar
Temple:   eino_wide_crystal_templ

Skill      XL: |  1  2  3  4  5  6  7  8 |
---------------+-------------------------+-----
Long Blades    | 3 4 5 6 7 9 |  9.1
Shields        | 4 5 6 7 |  7.3
Fighting       | 4 5 6 7 |  7.1
Armour         | 4 5 6 7 |  7.1

Action                   |  1- 3 |  4- 6 |  7- 9 || total
-------------------------+-------+-------+-------++-------
Melee: Long sword        |    85 |   225 |   220 ||   530
       Headbutt          |     9 |    45 |    46 ||   100
  Use: Scroll            |       |       |    13 ||    13
       Potion            |       |       |     2 ||     2
  Eat: Chunk             |       |     8 |     7 ||    15
       Ration            |       |       |     1 ||     1
Armor: Scale mail        |    34 |   109 |    15 ||   158
       Chain mail        |       |       |    45 ||    45
Dodge: Dodged            |    20 |    72 |    53 ||   145
Block: Shield            |    26 |   113 |   102 ||   241
       Rpst.: Long sword |     7 |    15 |    11 ||    33
